 Dungeon Crawl Stone Soup version 0.31.0-32-g396128a36d (webtiles) character file.

Game seed: 12780843614640531104

488 bnorton916 the Magician (level 6, -3/32 HPs)
             Began as a Deep Elf Fire Elementalist on Apr 10, 2024.
             Succumbed to a kobold brigand's curare-tipped dart
             ... in a sewer.
             The game lasted 00:04:43 (4151 turns).

bnorton916 the Magician (DEFE)                      Turns: 4151, Time: 00:04:43

Health: -3/32      AC:  3    Str:  5    XL:     6   Next: 90%
Magic:  16/17      EV: 12    Int: 22    God:
Gold:   70         SH:  0    Dex: 15    Spells: 14/17 levels left

rFire   . . .        (no weapon)
rCold   . . .        (no shield)
rNeg    . . .        a - +0 robe
rPois   .            s - +0 helmet
rElec   .            (no cloak)
rCorr   .            (no gloves)
SInv    .            (no boots)
Will    .....        (no amulet)
Stlth   ++           (no ring)
HPRegen 0.25/turn    (no ring)
MPRegen 0.15/turn

%: no passive effects
@: lethally poisoned (-3 -> -16), slowed, very slow
A: no striking features
a: no special abilities


You were in a sewer.
You visited 1 branch of the dungeon, and saw 3 of its levels.
You also visited: Sewer.

You collected 70 gold pieces.

Inventory:

Hand Weapons
 h - a +1 dagger of freezing
 r - a +0 lajatang
Missiles
 v - 18 poisoned darts
 y - 2 curare-tipped darts
Armour
 a - a +0 robe (worn)
 g - a +0 helmet
 s - a +0 helmet (worn)
Magical Staves
 n - a staff of cold
Scrolls
 e - 2 scrolls of revelation {unknown}
 j - 3 scrolls of teleportation {unknown}
 k - a scroll of immolation
 l - 3 scrolls of identify {unknown}
 m - a scroll of noise {unknown}
 p - 2 scrolls of fog {unknown}
 q - a scroll of poison {unknown}
 u - a scroll of acquirement {unknown}
 x - a scroll of fear {unknown}
Potions
 b - 2 potions of magic
 c - a potion of curing {unknown}
 d - a potion of brilliance {unknown}
 i - 2 potions of invisibility {unknown}
 o - a potion of might {unknown}
 t - a potion of attraction {unknown}
 w - a potion of cancellation {unknown}


   Skills:
 - Level 2.4 Dodging
 - Level 2.4 Stealth
 + Level 6.3 Spellcasting
 + Level 4.5 Conjurations
 + Level 5.5 Fire Magic


You had 14 spell levels left.
You knew the following spells:

 Your Spells              Type           Power      Damage    Failure   Level
a - Foxfire               Conj/Fire      100%       2x1d9     1%          1
b - Scorch                Fire           62%        2d7       1%          2

Your spell library contained the following spells:

 Spells                   Type           Power      Damage    Failure   Level
 Inner Flame              Hex/Fire       19%        N/A       9%          3
 Volatile Blastmotes      Fire/Tloc      38%        2d13      9%          3
 Flame Wave               Conj/Fire      29%        2d9       11%         4
 Lesser Beckoning         Tloc           12%        N/A       13%         2
 Gell's Gravitas          Tloc           6%         N/A       26%         3
 Teleport Other           Tloc           6%         N/A       26%         3


Dungeon Overview and Level Annotations

Branches:
Dungeon (3/15)              Sewer (1/1)

Altars:


Message History

The kobold brigand is wielding a +0 dagger and quivering curare-tipped darts.
The kobold brigand shouts!
The kobold brigand throws a curare-tipped dart.
The curare-tipped dart hits you.
You are poisoned.
You have difficulty breathing.
You feel yourself slow down.
Casting: Foxfire (safe; 1% risk of failure)
Confirm with . or Enter, or press ? or * to list all spells.
You conjure some foxfire!
You feel very sick.
You feel sick.
The foxfire hits the brain worm but does no damage.
The kobold brigand throws a curare-tipped dart.
The curare-tipped dart hits you.
You are more poisoned.
You have difficulty breathing.
You feel as though you will be slow longer.
The brain worm is engulfed in a cloud of scalding steam.
The kobold brigand throws a curare-tipped dart.
The curare-tipped dart closely misses you.
You feel much better.
You feel very sick.
Your foxfire dissipates!
The kobold brigand throws a curare-tipped dart.
The curare-tipped dart hits you.
You are lethally poisoned!
You have difficulty breathing.
You feel as though you will be slow longer.
Casting: Foxfire (safe; 1% risk of failure)
Confirm with . or Enter, or press ? or * to list all spells.
You conjure some foxfire!
* * * LOW HITPOINT WARNING * * *
You feel extremely sick.
* * * LOW HITPOINT WARNING * * *
You feel very sick.
The brain worm drips unknown stolen formulae onto the water.
Unknown command.
Okay, then.
Your foxfire dissipates!
You die...

~)~###~~...~.####.~~~~.~~~
##.~~
##~~~†~########.~~...~~~..
#### ~~~#####
#.~...#####~. #### #....##
. #.~.## #~..# #.~~#
##~.~## #.~~@v# #~###~# #~
#w# #~ #~# ~~ .~~ ~# ~#K
#~ ~# #~ ~# #. .#


You could see a kobold brigand and a brain worm (ally target).

Vanquished Creatures
  5 kobold brigands (Sewer)
  Jessica (D:2)
  4 adders
  A river rat (Sewer)
  3 dart slugs
  A ribbon worm (Sewer)
  An orc (D:3)
  11 ball pythons
  2 endoplasms
  5 giant cockroaches
  5 goblins
  5 hobgoblins
  6 jackals
  6 kobolds
  6 quokkas
  5 bats
  4 frilled lizards
  7 rats
78 creatures vanquished.

Vanquished Creatures (others)
  288 foxfires
288 creatures vanquished.

Grand Total: 366 creatures vanquished

Notes
Turn   | Place    | Note
-------+----------+-------------------------------------------
     0 | D:1      | bnorton916 the Deep Elf Fire Elementalist began the quest
                  | for the Orb.
     0 | D:1      | Reached XP level 1. HP: 10/10 MP: 6/6
   178 | D:1      | Reached XP level 2. HP: 15/15 MP: 6/8
   844 | D:1      | Reached XP level 3. HP: 15/19 MP: 7/10
  1088 | D:1      | Found a faded altar of an unknown god.
  1263 | D:2      | Reached skill level 4 in Spellcasting
  1773 | D:2      | Noticed Jessica
  1788 | D:2      | Killed Jessica
  1789 | D:2      | Reached XP level 4. HP: 24/24 MP: 8/12
  1792 | D:2      | Learned a level 2 spell: Scorch
  2992 | D:3      | Found a glowing drain.
  3061 | Sewer    | Entered a sewer
  3199 | Sewer    | Noticed a kobold brigand
  3232 | Sewer    | Killed a kobold brigand
  3233 | Sewer    | Reached skill level 5 in Spellcasting
  3233 | Sewer    | Reached XP level 5. HP: 26/28 MP: 9/14
  3527 | Sewer    | Reached skill level 5 in Fire Magic
  3527 | Sewer    | Reached XP level 6. HP: 28/32 MP: 13/16
  3594 | Sewer    | Reached skill level 6 in Spellcasting
  4151 | Sewer    | Succumbed to a kobold brigand's curare-tipped dart

Illustrated notes

Levels and vault maps discovered:
D:1:      amcnicky_arrival_underground_garden, layout_basic,
          hellmonk_ecumenical_altar_blasted, st_stairs_12,
          hangedman_decor_growths
D:2:      layout_basic, serial_co_window_serial, co_window_paths_a,
          co_window_cross_1, co_window_corner_a, co_window_paths_a,
          co_window_of_opportunity_a, co_window_paths_a, co_window_paths_b,
          co_window_paths_b, co_window_corner_a, co_window_broadway_a,
          co_window_of_opportunity_b, co_window_cross_2, glass_columns_a,
          kennysheep_jessica_study
D:3:      gammafunk_steamed_eel, layout_basic, nicolae_sif_muna_little_library,
          serial_shops, nicolae_shop_back_alley_shop, portal_sewer_entry_f
Sewer:    sewer_co_tree

Skill      XL: |  1  2  3  4  5  6 |
---------------+-------------------+-----
Conjurations   | 2 3 4 |  4.5
Spellcasting   | 4 5 6 |  6.3
Fire Magic     | 4 5 |  5.5
Dodging        | |  2.4
Stealth        | |  2.4

Action                     |  1- 3 |  4- 6 || total
---------------------------+-------+-------++-------
   Cast: Foxfire           |    97 |    77 ||   174
    Use: Potion            |       |     3 ||     3
 Armour: Robe              |     9 |     6 ||    15
  Dodge: Dodged            |     8 |    13 ||    21
